AoeStats
← Big Papi

Arena

508797246Analyzed
4v4 RM · 7d ago on Sep 24, 2026· 51m 15s· 8 players
Game mode
Random Map
Map size
Large (8 player)
Population
200
Speed
Normal
Resources
Standard
Victory
Conquest
Starting age
Dark Age
Ending age
Imperial Age
RankedLock teamsTeams togetherTeam positionsShared explorationLock speedFull tech treeHidden civsTurbo modeCheats
Victory
Defeat
🇵🇪 Lithuanians · Peru
965
+14
🇺🇸 Saxons · United States
950
+14
🇨🇴 Franks · Colombia
931
+15
🇦🇷 Italians · Argentina
914
+15
🇺🇸 Saxons · United States
954
-16
🇺🇸 Muisca · United States
900
-14
🇺🇸 Poles · United States
898
-14
🇺🇸 Persians · United States
890
-14
Skipperdoo
11:15 Feudal Age
12:46 Wheelbarrow
15:46 Castle Age
14:05 Double-Bit Axe
14:30 Horse Collar
15:12 Loom
18:50 Fletching
19:04 Heavy Plow
20:12 Gold Mining
20:40 Crossbowman
30:10 Imperial Age
30:03 Forging
29:51 Bodkin Arrow
30:01 Scale Mail Armor
30:11 Forging
31:41 Bow Saw
33:24 Gold Shaft Mining
33:48 Chain Mail Armor
34:11 Thumb Ring
34:48 Treadmill Crane
36:25 Arbalester
38:54 Two-Man Saw
37:23 Shield Wall
39:42 Squires
41:07 Ballistics
41:39 Iron Casting
lordgrometh
10:57 Feudal Age
12:49 Loom
12:54 Horse Collar
15:28 Castle Age
14:41 Stone Mining
14:38 Double-Bit Axe
17:10 Loom
18:05 Wheelbarrow
18:29 Treadmill Crane
24:28 Gold Mining
25:38 Bloodlines
24:49 Light Cavalry
25:32 Husbandry
25:46 Scale Barding Armor
25:51 Forging
29:38 Chain Barding Armor
29:43 Forging
32:10 Iron Casting
35:49 Imperial Age
37:33 Imperial Age
42:02 Blast Furnace
41:26 Hand Cart
40:43 Winged Hussar
41:52 Heavy Plow
42:04 Bow Saw
41:51 Pikeman
42:36 Scale Mail Armor
47:31 Conscription
47:36 Lechitic Legacy
flank steak
10:19 Feudal Age
10:58 Loom
15:36 Castle Age
14:07 Double-Bit Axe
20:35 Wheelbarrow
24:25 Horse Collar
25:37 Heavy Plow
31:32 Husbandry
31:43 Bloodlines
34:46 Imperial Age
32:17 Gold Mining
34:57 Ballistics
35:23 Kamandaran
35:40 Thumb Ring
34:55 Crossbowman
37:02 Fletching
37:12 Padded Archer Armor
37:23 Forging
37:19 Scale Barding Armor
38:03 Cavalier
38:53 Bodkin Arrow
39:14 Leather Archer Armor
40:51 Crop Rotation
41:24 Iron Casting
42:30 Chemistry
42:55 Savar
44:53 Chain Barding Armor
48:28 Blast Furnace
48:04 Plate Barding Armor
48:00 Ring Archer Armor
Puff_Sullivan
10:54 Feudal Age
14:43 Castle Age
15:30 Wheelbarrow
17:00 Horse Collar
19:26 Double-Bit Axe
20:08 Loom
22:06 Treadmill Crane
27:54 Imperial Age
26:06 Squires
25:27 Pikeman
28:22 Scale Mail Armor
28:34 Forging
29:24 Crossbowman
30:10 Thumb Ring
30:31 Conscription
33:24 Bow Saw
33:58 Ballistics
36:06 Arbalester
36:42 Fletching
36:53 Padded Archer Armor
37:37 Herbalism
50:20 Chemistry
49:23 Bodkin Arrow
50:24 Bracer
50:40 Leather Archer Armor
Kevatafl
9:42 Loom
11:29 Feudal Age
17:09 Castle Age
15:38 Horse Collar
15:44 Double-Bit Axe
15:58 Gold Mining
15:30 Man-at-Arms
17:06 Scale Mail Armor
18:06 Forging
19:12 Bow Saw
18:57 Gambesons
27:44 Squires
27:29 Arson
29:11 Gold Shaft Mining
29:21 Wheelbarrow
29:13 Town Watch
30:21 Arson
32:26 Stone Mining
35:50 Clerical Recruitment
38:20 Loom
38:25 Long Swordsman
43:17 Hand Cart
Mr. S. Holmes
13:02 Feudal Age
14:08 Double-Bit Axe
14:21 Gold Mining
17:22 Castle Age
17:36 Stone Mining
21:39 Bow Saw
22:45 Wheelbarrow
24:26 Caravan
32:53 Imperial Age
31:40 Hand Cart
35:03 Arson
35:19 Squires
41:29 Pikeman
42:10 Squires
42:29 Husbandry
42:36 Halberdier
45:02 Forging
44:44 Fletching
45:20 Cavalier
NcroTmor
10:46 Feudal Age
15:34 Castle Age
13:56 Double-Bit Axe
15:18 Horse Collar
18:07 Fervor
18:53 Heavy Plow
19:20 Gold Mining
21:35 Bow Saw
25:57 Imperial Age
24:30 Stone Mining
24:31 Loom
29:33 Scale Barding Armor
29:39 Forging
30:50 Chain Barding Armor
30:51 Cavalier
31:42 Bloodlines
33:36 Iron Casting
34:33 Bloodlines
34:57 Husbandry
37:40 Plate Barding Armor
38:10 Fletching
39:01 Conscription
40:06 Wheelbarrow
40:46 Bodkin Arrow
40:55 Murder Holes
41:11 Fortified Wall
41:27 Elite Leitis
44:06 Hand Cart
43:37 Town Watch
45:26 Bracer
47:33 Block Printing
47:58 Ballistics
48:39 Chemistry
47:20 Treadmill Crane
48:23 Stone Shaft Mining
Big Papi
9:19 Feudal Age
10:00 Double-Bit Axe
10:03 Horse Collar
13:23 Loom
16:49 Castle Age
15:58 Wheelbarrow
15:51 Forging
16:04 Stone Mining
16:54 Horse Collar
18:59 Fletching
21:54 Town Watch
25:29 Heavy Plow
26:13 Bow Saw
27:48 Squires
28:38 Pikeman
29:56 Hand Cart
33:37 Imperial Age
31:56 Bodkin Arrow
32:29 Gold Mining
33:22 Silk Road
34:18 Iron Casting
33:59 Scale Mail Armor
35:05 Bracer
37:35 Blast Furnace
38:03 Conscription
38:47 Crop Rotation
39:09 Stone Shaft Mining
40:54 Two-Man Saw
40:12 Chain Mail Armor
40:48 Arson
42:15 Plate Mail Armor
44:56 Elite Genoese Crossbowman
45:41 Padded Archer Armor
47:33 Ballistics
47:11 Murder Holes
48:17 Chemistry
47:29 Masonry
48:49 Leather Archer Armor
Connection lost

Rejoining the realm…

Still unreachable

The connection could not be restored.

Session expired

The server has moved on; the page needs a fresh start.